 Dungeon Sprint DCSS version 0.17-a0-1923-gc35365e (webtiles) character file.

6458 Kidiri the Covert (level 10, -4/66 HPs)
             Began as a Spriggan Enchanter on Sept 28, 2015.
             Was the Champion of Dithmenos.
             Slain by Maud
             ... wielding a +2 broad axe
              (21 damage)
             ... in the Dungeon (Sprint III: "The Ten Rune Challenge").
             The game lasted 00:09:55 (1447 turns).

Kidiri the Covert (Spriggan Enchanter)              Turns: 1447, Time: 00:09:55

Health: -4/66      AC:  9    Str:  7    XL:     10   Next: 67%
Magic:  12/27      EV: 30    Int: 20    God:    Dithmenos [******]
Gold:   31         SH:  0    Dex: 19    Spells: 9 memorised, 12 levels left

rFire  . . .     SeeInvis +     a - +1 dagger
rCold  . . .     Rnd*Rage +     b - +1 robe
rNeg   . . .     SustAt   .     (shield restricted)
rPois  .         Gourm    .     (helmet restricted)
rElec  .         Spirit   .     l - +0 cloak
rCorr  .         Warding  .     (gloves unavailable)
rMut   .         NoTele   +     (boots unavailable)
MR     +....                    (no amulet)
Stlth  ..........               (no ring)
                                (no ring)

@: berserking, wreathed by umbra, very quick, somewhat resistant to hostile
enchantments, extremely unstealthy
A: unfitting armour, antennae 1, icy blue scales 2, thin metallic scales 1, see
invisible, agile 1, berserk 1, breathe flames 1, herbivore 3, speed 3, slow
metabolism 2, weak 1
a: Shadow Step, Shadow Form, Renounce Religion, Breathe Fire


You were in the Dungeon.
You worshipped Dithmenos.
Dithmenos was exalted by your worship.
You were not hungry.

You visited 1 branch You collected 31 gold pieces.

Inventory:

Hand weapons
 a - a +1 dagger (weapon)
Missiles
 i - 10 throwing nets (quivered)
Armour
 b - a +1 robe (worn)
 l - a +0 cloak (worn)
Scrolls
 j - 2 scrolls of blinking
 p - a scroll of magic mapping {unknown}
 t - a scroll of torment {unknown}
 u - 2 scrolls of remove curse
Potions
 e - 2 potions of curing
 f - a potion of heal wounds
 g - a potion of haste
 h - 2 potions of magic
 r - 2 potions of cure mutation
 s - 3 potions of flight
 v - 2 potions of might
Comestibles
 c - 28 royal jellies
 d - a bread ration
 q - 6 fruits


   Skills:
 * Level 10.7 Short Blades
 + Level 5.2 Armour
 * Level 13.4 Dodging
 * Level 14.8 Stealth
 * Level 12.0 Spellcasting
 + Level 4.8 Conjurations
 + Level 9.2 Hexes
 + Level 7.6 Charms
 + Level 7.6 Translocations
 + Level 5.4 Ice Magic
 + Level 4.9 Air Magic
 + Level 5.0 Poison Magic
 - Level 2.0 Invocations


You had 12 spell levels left.
You knew the following spells:

 Your Spells              Type           Power        Failure   Level  Hunger
a - Corona                Hex            #####..      1%          1    None
b - Ensorcelled Hibernat  Hex/Ice        #####.       1%          2    None
c - Confuse               Hex            #####...     1%          3    None
d - Tukima's Dance        Hex            #####...     1%          3    None
e - Dazzling Spray        Conj/Hex       #####...     1%          3    None
f - Slow                  Hex            #####...     1%          2    None
g - Blink                 Tloc           N/A          1%          2    None
h - Repel Missiles        Chrm/Air       #####.       1%          2    None
i - Mephitic Cloud        Conj/Pois/Air  ####....     2%          3    None


Dungeon Overview and Level Annotations

Branches:
Dungeon (1/1)

Altars:
Cheibriados
Dithmenos
Elyvilon
Fedhas
Gozag
Kikubaaqudgha
Makhleb
Nemelex Xobeh
Okawaru
Qazlal
Ru
Sif Muna
Trog
Vehumet
Xom
Yredelemnul
Zin
The Shining One
Jiyva
Lugonu

Annotations:
D Maud


Innate Abilities, Weirdness & Mutations

You are tiny and cannot use many weapons and most armour.
You have supernaturally acute eyesight.
You are a herbivore.
You cover ground extremely quickly.
You need consume almost no food.
You have a pair of small antennae on your head.
You are mostly covered in icy blue scales (AC +3, EV -1).
You are partially covered in thin metallic scales (AC +2).
You are agile. (Dex +2)
You tend to lose your temper in combat.
You can breathe flames.
You are weak. (Str -2)


Message History

Maud is almost dead.
Your shadow hits Maud but does no damage.
Maud hits you with an enchanted broad axe!!
* * * LOW HITPOINT WARNING * * *
You emit a cloud of dark smoke.
You are too injured to fight recklessly!
You are too injured to fight recklessly!
You are too injured to fight recklessly!
You hit Maud.
Maud is almost dead.
You hit Maud.
Maud is almost dead.
You barely miss Maud.
Maud is almost dead.
Your shadow hits Maud but does no damage.
You barely miss Maud.
Maud shouts!
Maud is almost dead.
Maud hits you with an enchanted broad axe!!
You die...

#.....#..:#__#...'##.#.#.##.#).##
##....#___#_.+...#...#..#..##.)'.
▓▓▓▓▓▓▓▓▓▓▓▓▓▓▓▓▓▓▓▓▓▓▓▓▓▓▓▓▓▓#.
♣♣≈≈≈........≈≈≈...#.
+♣♣'♣≈≈≈≈≈≈≈≈≈≈≈≈♣♣P.'.
{#%≈♣♣♣♣♣♣♣♣♣♣♣♣♣♣♣♣PP#. #%%♣♣
♣♣♣## ###'♣♣♣♣♣ ♣♣♣♣%##@@##
♣%..##§##§# ♣♣.##§##§##
♣..#.##§§.# ♣♣.##.##§§# ♣♣.##.#
### ♣.....# #######


You could see Maud.

Vanquished Creatures
  Erolcha (D)
  A lindwurm (D)
  2 spiny frogs (D)
  A komodo dragon (D)
  A deep elf priest (D)
  3 wandering mushrooms (D)
  2 trapdoor spiders (D)
  4 redbacks (D)
  A shadow (D)
  2 hill giants (D)
  A spatial vortex (D)
  A necrophage (D)
  3 two-headed ogres (D)
  2 brain worms (D)
  A water elemental (D)
  26 killer bees (D)
  A jelly (D)
  Crazy Yiuf (D)
  A necromancer (D)
  Jessica (D)
  A wizard (D)
  3 humans (D)
  A kobold demonologist (D)
  An ooze (D)
  2 rats (D)
64 creatures vanquished.

Vanquished Creatures (collateral kills)
  A queen bee (D)
  2 killer bees (D)
3 creatures vanquished.

Vanquished Creatures (others)
  2 draconian scorchers (D)
  A yaktaur (D)
  4 killer bees (D)
7 creatures vanquished.

Grand Total: 74 creatures vanquished

Notes
Turn   | Place    | Note
--------------------------------------------------------------
     0 | D        | Kidiri the Spriggan Enchanter began the quest for the Orb.
     0 | D        | Reached XP level 1. HP: 9/9 MP: 5/5
     9 | D        | Reached skill level 5 in Stealth
    32 | D        | Noticed Jessica
    36 | D        | Killed Jessica
    36 | D        | Reached skill level 1 in Armour
    36 | D        | Reached skill level 6 in Stealth
    36 | D        | Reached XP level 2. HP: 13/13 MP: 6/8
    36 | D        | Reached XP level 3. HP: 16/16 MP: 7/10
    40 | D        | Learned a level 2 spell: Ensorcelled Hibernation
    44 | D        | Learned a level 3 spell: Confuse
    47 | D        | Killed a yaktaur
    48 | D        | Learned a level 3 spell: Tukima's Dance
    72 | D        | Noticed Crazy Yiuf
    77 | D        | Killed Crazy Yiuf
    77 | D        | Reached skill level 5 in Dodging
    77 | D        | Reached skill level 5 in Spellcasting
    83 | D        | Reached skill level 7 in Stealth
    83 | D        | Reached skill level 1 in Ice Magic
    83 | D        | Reached XP level 4. HP: 21/21 MP: 9/12
   115 | D        | Gained mutation: You tend to lose your temper in combat. [potion of mutation]
   115 | D        | Gained mutation: You are weak. (Str -2) [potion of mutation]
   115 | D        | Gained mutation: You are partially covered in thin metallic scales (AC +2). [potion of mutation]
   116 | D        | Gained mutation: You are partially covered in icy blue scales (AC +1). [potion of mutation]
   116 | D        | Gained mutation: You are mostly covered in icy blue scales (AC +3, EV -1). [potion of mutation]
   116 | D        | Gained mutation: You have a pair of small antennae on your head. [potion of mutation]
   117 | D        | Gained mutation: You are agile. (Dex +2) [potion of mutation]
   117 | D        | Gained mutation: You can breathe flames. [potion of mutation]
   122 | D        | Learned a level 3 spell: Dazzling Spray
   132 | D        | Noticed a water elemental
   143 | D        | Killed a water elemental
   143 | D        | Reached skill level 8 in Stealth
   143 | D        | Reached skill level 5 in Hexes
   143 | D        | Reached XP level 5. HP: 24/24 MP: 12/14
   202 | D        | Noticed a jelly
   202 | D        | Killed a white draconian scorcher
   203 | D        | Noticed a shadow
   238 | D        | Killed a shadow
   238 | D        | Reached skill level 5 in Short Blades
   238 | D        | Reached skill level 9 in Stealth
   238 | D        | Reached skill level 1 in Conjurations
   238 | D        | Reached XP level 6. HP: 17/28 MP: 2/17
   268 | D        | Killed a white draconian scorcher
   411 | D        | Killed a jelly
   417 | D        | Found a stormy altar of Qazlal.
   418 | D        | Found a sacrificial altar of Ru.
   418 | D        | Found a burning altar of Makhleb.
   418 | D        | Found a viscous altar of Jiyva.
   418 | D        | Found a shimmering altar of Xom.
   418 | D        | Found a shadowy altar of Dithmenos.
   418 | D        | Found a sparkling altar of Nemelex Xobeh.
   418 | D        | Found a corrupted altar of Lugonu.
   418 | D        | Found an opulent altar of Gozag.
   418 | D        | Noticed a spatial vortex
   422 | D        | Became a worshipper of Dithmenos the Shadowed
   442 | D        | Killed a spatial vortex
   442 | D        | Reached skill level 10 in Stealth
   442 | D        | Reached skill level 1 in Invocations
   556 | D        | Found a radiant altar of Vehumet.
   557 | D        | Found a deep blue altar of Sif Muna.
   557 | D        | Found an ancient bone altar of Kikubaaqudgha.
   557 | D        | Noticed a wizard
   562 | D        | Killed a wizard
   580 | D        | Learned a level 2 spell: Slow
   583 | D        | Learned a level 2 spell: Blink
   586 | D        | Learned a level 2 spell: Repel Missiles
   607 | D        | Found an iron altar of Okawaru.
   608 | D        | Found a bloodstained altar of Trog.
   608 | D        | Noticed a human
   608 | D        | Noticed a human
   610 | D        | Killed a human
   610 | D        | Reached skill level 1 in Charms
   610 | D        | Reached skill level 1 in Translocations
   610 | D        | Reached XP level 7. HP: 32/32 MP: 15/19
   616 | D        | Killed a human
   616 | D        | Reached skill level 11 in Stealth
   616 | D        | Reached skill level 1 in Air Magic
   626 | D        | Learned a level 3 spell: Mephitic Cloud
   665 | D        | Found a glowing silver altar of Zin.
   666 | D        | Found a glowing golden altar of the Shining One.
   666 | D        | Found a white marble altar of Elyvilon.
   666 | D        | Noticed a deep elf priest
   668 | D        | Killed a deep elf priest
   668 | D        | Reached skill level 10 in Dodging
   668 | D        | Reached skill level 1 in Poison Magic
   684 | D        | Found a snail-covered altar of Cheibriados.
   684 | D        | Noticed a necrophage
   685 | D        | Found a basalt altar of Yredelemnul.
   685 | D        | Found a blossoming altar of Fedhas.
   685 | D        | Noticed a necromancer
   686 | D        | Killed a necrophage
   686 | D        | Acquired Dithmenos's first power
   686 | D        | Reached XP level 8. HP: 36/36 MP: 21/21
   687 | D        | Killed a necromancer
   777 | D        | Noticed a two-headed ogre
   777 | D        | Noticed a two-headed ogre
   781 | D        | Killed a two-headed ogre
   783 | D        | Killed a two-headed ogre
   786 | D        | Noticed a two-headed ogre
   787 | D        | Killed a two-headed ogre
   787 | D        | Acquired Dithmenos's second power
   793 | D        | Noticed a hill giant
   796 | D        | Killed a hill giant
   802 | D        | Noticed a hill giant
   802 | D        | Noticed Erolcha
   804 | D        | Killed Erolcha
   804 | D        | Reached skill level 12 in Stealth
   804 | D        | Reached skill level 10 in Spellcasting
   804 | D        | Reached skill level 5 in Charms
   804 | D        | Reached skill level 5 in Translocations
   804 | D        | Reached XP level 9. HP: 39/39 MP: 22/24
   805 | D        | Killed a hill giant
   805 | D        | Acquired Dithmenos's third power
   812 | D        | Noticed a redback
   813 | D        | Noticed a trapdoor spider
   814 | D        | Killed a trapdoor spider
   816 | D        | Killed a redback
   816 | D        | Reached skill level 13 in Stealth
   824 | D        | Noticed a trapdoor spider
   826 | D        | Killed a trapdoor spider
   895 | D        | Noticed a killer bee
   895 | D        | Noticed a killer bee
   895 | D        | Noticed a killer bee
   895 | D        | Noticed a killer bee
   895 | D        | Noticed a killer bee
   895 | D        | Noticed a killer bee
   895 | D        | Noticed a killer bee
   895 | D        | Noticed a killer bee
   895 | D        | Noticed a queen bee
   895 | D        | Noticed a killer bee
   895 | D        | Noticed a killer bee
   895 | D        | Noticed a killer bee
   895 | D        | Noticed a killer bee
   895 | D        | Noticed a killer bee
   895 | D        | Noticed a killer bee
   896 | D        | Noticed a killer bee
   896 | D        | Noticed a killer bee
   896 | D        | Noticed a killer bee
   896 | D        | Noticed a killer bee
   896 | D        | Noticed a killer bee
   896 | D        | Noticed a killer bee
   896 | D        | Noticed a killer bee
   896 | D        | Noticed a killer bee
   896 | D        | Noticed a killer bee
   896 | D        | Noticed a killer bee
   896 | D        | Noticed a killer bee
   896 | D        | Noticed a killer bee
   896 | D        | Noticed a killer bee
   896 | D        | Noticed a killer bee
   896 | D        | Noticed a killer bee
   896 | D        | Noticed a killer bee
   896 | D        | Noticed a killer bee
   896 | D        | Noticed a killer bee
   897 | D        | Killed a killer bee
   898 | D        | Killed a killer bee
   898 | D        | Acquired Dithmenos's fourth power
   900 | D        | Killed a killer bee
   902 | D        | Killed a killer bee
   903 | D        | Killed a killer bee
   904 | D        | Killed a killer bee
   906 | D        | Killed a killer bee
   906 | D        | Killed a killer bee
   909 | D        | Killed a killer bee
   912 | D        | Killed a queen bee
   912 | D        | Killed a killer bee
   913 | D        | Killed a killer bee
   928 | D        | Killed a killer bee
  1049 | D        | Killed a killer bee
  1050 | D        | Killed a killer bee
  1052 | D        | Killed a killer bee
  1053 | D        | Killed a killer bee
  1054 | D        | Killed a killer bee
  1056 | D        | Killed a killer bee
  1057 | D        | Killed a killer bee
  1063 | D        | Killed a killer bee
  1063 | D        | Killed a killer bee
  1064 | D        | Killed a killer bee
  1066 | D        | Killed a killer bee
  1071 | D        | Killed a killer bee
  1073 | D        | Killed a killer bee
  1075 | D        | Killed a killer bee
  1211 | D        | Killed a killer bee
  1213 | D        | Killed a killer bee
  1221 | D        | Killed a killer bee
  1229 | D        | Killed a killer bee
  1229 | D        | Reached XP level 10. HP: 44/44 MP: 13/26
  1231 | D        | Killed a killer bee
  1233 | D        | Killed a killer bee
  1233 | D        | Reached skill level 5 in Ice Magic
  1312 | D        | Noticed a wandering mushroom
  1313 | D        | Noticed a wandering mushroom
  1313 | D        | Noticed a wandering mushroom
  1314 | D        | Killed a wandering mushroom
  1316 | D        | Killed a wandering mushroom
  1316 | D        | Reached skill level 10 in Short Blades
  1316 | D        | Reached skill level 14 in Stealth
  1317 | D        | Killed a wandering mushroom
  1372 | D        | Noticed a spiny frog
  1372 | D        | Noticed a komodo dragon
  1372 | D        | Noticed a spiny frog
  1375 | D        | Killed a spiny frog
  1377 | D        | Killed a spiny frog
  1377 | D        | Reached skill level 5 in Armour
  1378 | D        | Killed a komodo dragon
  1386 | D        | Noticed a redback
  1388 | D        | Killed a redback
  1389 | D        | Noticed a brain worm
  1393 | D        | Killed a brain worm
  1399 | D        | Noticed a brain worm
  1401 | D        | Killed a brain worm
  1404 | D        | Noticed a lindwurm
  1406 | D        | Noticed a redback
  1407 | D        | Killed a lindwurm
  1409 | D        | Killed a redback
  1413 | D        | Noticed a redback
  1414 | D        | Killed a redback
  1414 | D        | Reached skill level 5 in Poison Magic
  1415 | D        | Noticed Maud
  1447 | D        | Slain by Maud

Vault maps used:
D:        dungeon_sprint_mu

Action                   |  1- 3 |  4- 6 |  7- 9 | 10-12 || total
-------------------------+-------+-------+-------+-------++-------
Melee: Dagger            |     7 |    44 |    43 |    31 ||   125
 Cast: Ensorcelled Hiber |     1 |     1 |    18 |     2 ||    22
       Dazzling Spray    |       |    13 |     6 |     3 ||    22
       Confuse           |       |       |     1 |       ||     1
       Mephitic Cloud    |       |       |     2 |     1 ||     3
       Tukima's Dance    |       |       |       |     2 ||     2
Invok: Shadow Step       |       |       |     2 |     2 ||     4
  Use: Potion            |       |     4 |       |       ||     4
       Scroll            |       |     3 |       |       ||     3
 Stab: Sleeping          |     5 |     2 |    22 |    14 ||    43
       Invisible         |       |     1 |     1 |     2 ||     4
       Confused          |       |       |     4 |       ||     4
       Distracted        |       |       |     1 |       ||     1
       Held in net/web   |       |       |     1 |       ||     1
